 Dungeon Crawl Stone Soup version 0.19.0-19-g8c6edcc (webtiles) character file.

1225 vev the Cudgeler (level 8, 0/46 HPs)
             Began as a Tengu Air Elementalist on Nov 13, 2016.
             Was a Believer of Lugonu.
             Succumbed to a centaur's poison
             ... on level 6 of the Dungeon.
             The game lasted 00:23:06 (10045 turns).

vev the Cudgeler (Tengu Air Elementalist)          Turns: 10045, Time: 00:23:07

Health: 0/46       AC:  8    Str: 11    XL:     8   Next: 47%
Magic:  13/13      EV: 12    Int: 15    God:    Lugonu [**....]
Gold:   289        SH:  0    Dex: 15    Spells: 3 memorised, 6 levels left

rFire  . . .     SeeInvis .     s - +0 flail
rCold  . . .     Gourm    .     f - +0 ring mail
rNeg   . . .     Faith    .     (no shield)
rPois  .         Spirit   .     (helmet restricted)
rElec  .         Reflect  .     m - +2 cloak
rCorr  .         Harm     .     (no gloves)
MR     .....                    (boots unavailable)
Stlth  ++........               (no amulet)
                                F - ring of wizardry
                                q - ring of stealth

@: lethally poisoned (0 -> -23)
A: beak, talons 3, able to fly 1
a: Fly, Depart the Abyss, Bend Space, Renounce Religion


You were on level 6 of the Dungeon.
You worshipped Lugonu.
Lugonu was pleased with you.
You were not hungry.

You visited 2 branches of the dungeon, and saw 7 of its levels.
You also visited: Ossuary.

You collected 289 gold pieces.

Inventory:

Hand Weapons
 r - a +0 great mace
 s - a +0 flail (weapon)
Armour
 a - a +0 robe
 f - a +0 ring mail (worn)
 m - a +2 cloak (worn)
 y - a +1 chain mail of fire resistance
Jewellery
 q - a ring of stealth (left hand)
 F - a ring of wizardry (right hand)
Wands
 d - a wand of flame (21/48)
 v - a wand of teleportation (5/9)
 B - a wand of random effects (9/48)
Scrolls
 e - 2 scrolls of immolation
 g - 4 scrolls of magic mapping
 i - 3 scrolls of teleportation
 o - a scroll of noise {unknown}
 t - a scroll of random uselessness {unknown}
 x - a scroll of blinking {unknown}
 z - a scroll of recharging {unknown}
 C - a scroll of fog {unknown}
 E - a scroll of amnesia {unknown}
 G - a scroll of fear {unknown}
Potions
 h - a potion of haste
 j - a potion of berserk rage {unknown}
 l - a potion of flight {unknown}
 n - a potion of agility {unknown}
 u - a potion of cancellation
 w - a potion of brilliance {unknown}
Books
 b - a book of Air

   Spells                             Type                      Level
   a - Shock                          Conjuration/Air              1
   b - Swiftness                      Charms/Air                   2
   c - Repel Missiles                 Charms/Air                   2
   d - Static Discharge               Conjuration/Air              3
   e - Lightning Bolt                 Conjuration/Air              5
Comestibles
 c - 4 bread rations
 k - 3 beef jerkies
 D - a meat ration


   Skills:
 + Level 3.5 Fighting
 + Level 7.4 Maces & Flails
 + Level 2.3 Armour
 + Level 4.1 Dodging
 - Level 2.0 Stealth
 - Level 2.7 Spellcasting
 - Level 2.6 Conjurations
 - Level 5.0 Air Magic
 * Level 1.7 Invocations


You had 6 spell levels left.
You knew the following spells:

 Your Spells              Type           Power        Failure   Level  Hunger
a - Shock                 Conj/Air       ##..         4%          1    #......
d - Static Discharge      Conj/Air       ##......     12%         3    ###....
m - Repel Missiles        Chrm/Air       #.....       12%         2    ##.....


Dungeon Overview and Level Annotations

Branches:
Dungeon (6/15)             Temple (1/1) D:4

Altars:
Ashenzari
Cheibriados
Elyvilon
Gozag
Hepliaklqana
Makhleb
Nemelex Xobeh
Okawaru
Qazlal
Ru
Uskayaw
Vehumet
Xom
Yredelemnul
Lugonu

Annotations:
D:2 Sigmund
D:4 Menkaure
D:5 Philosophy's ghost, novice HOFi


Innate Abilities, Weirdness & Mutations

You have a beak for a mouth.
You have claws for feet.
You can fly.


Message History

Unknown command.
Okay, then.
Unknown command.
Okay, then.
Unknown command.
You sock the centaur! You claw the centaur.
You peck the centaur, but do no damage.
The centaur is almost dead.
* * * LOW HITPOINT WARNING * * *
You feel sick. The centaur barely misses you.
The centaur hits you with an uncursed spear of venom.
* * * LOW HITPOINT WARNING * * *
You are more poisoned.
You hit the centaur.
The centaur is almost dead.
* * * LOW HITPOINT WARNING * * *
You feel sick. The centaur barely misses you.
You hit the centaur but do no damage. Your kick misses the centaur.
The centaur is almost dead.
You die...

#.########## .
####)#.......###...
.###.....(............
.......(<.............
......................
.........(............
......................
..................)...
.........@............
........(c............
......................
................
...............
...............
...............
.......).......


You could see a centaur.

Vanquished Creatures
  A phantom (D:3)
  A centaur (D:5)
  An elf zombie (Ossuary)
  A scorpion (D:6)
  A centaur zombie (Ossuary)
  A crimson imp (D:5)
  A bullfrog zombie (D:5)
  5 orc priests
  2 human zombies (Ossuary)
  Jessica (D:3)
  A bullfrog skeleton (D:5)
  Natasha (thrice) (Temple)
  A worker ant (D:4)
  4 orc wizards
  3 big kobold zombies (Ossuary)
  4 hound zombies
  A hound skeleton (D:5)
  3 mummies (Ossuary)
  2 worker ant zombies
  An adder (D:4)
  7 adder zombies (Ossuary)
  4 worms
  4 dart slugs
  6 leopard geckos
  16 orcs
  4 bats
  3 giant cockroaches
  10 goblins
  8 hobgoblins
  6 jackals
  3 quokkas
  4 ball pythons
  A ball python skeleton (D:3)
  11 frilled lizards
  2 goblin zombies (Ossuary)
  5 hobgoblin zombies (Ossuary)
  3 jackal zombies (Ossuary)
  10 kobolds
  3 kobold zombies (Ossuary)
  2 orc zombies (Ossuary)
  4 quokka zombies (Ossuary)
  6 rats
  A rat zombie (Ossuary)
161 creatures vanquished.

Notes
Turn   | Place    | Note
-------+----------+-------------------------------------------
     0 | D:1      | vev the Tengu Air Elementalist began the quest for the Orb.
     0 | D:1      | Reached XP level 1. HP: 10/10 MP: 4/4
     0 | D:1      | Noticed an iron dragon
     1 | D:1      | Noticed a large abomination
     1 | D:1      | Noticed a black draconian
     3 | D:1      | Noticed an orb of fire
     5 | D:1      | Noticed an iron dragon
     7 | D:1      | Noticed a large abomination
     8 | D:1      | Noticed a shadow dragon
    11 | D:1      | Noticed an ice dragon
    11 | D:1      | Noticed a yellow draconian
    13 | D:1      | Noticed an iron dragon
    15 | D:1      | Noticed a tentacled monstrosity
    15 | D:1      | Noticed a red draconian
    17 | D:1      | Noticed an orb of fire
    17 | D:1      | Noticed a tentacled monstrosity
    17 | D:1      | Noticed a tentacled monstrosity
    19 | D:1      | Noticed an orb of fire
    19 | D:1      | Noticed a large abomination
    22 | D:1      | Noticed an iron dragon
   161 | D:1      | Reached XP level 2. HP: 15/16 MP: 1/6
   460 | D:1      | Reached skill level 1 in Fighting
   788 | D:2      | Reached XP level 3. HP: 20/20 MP: 5/7
   813 | D:2      | Found a snail-covered altar of Cheibriados.
  1095 | D:2      | Found a hide-covered altar of Uskayaw.
  1123 | D:2      | Found a sparkling altar of Nemelex Xobeh.
  1212 | D:2      | Noticed Sigmund
  1226 | D:3      | Reached skill level 2 in Conjurations
  1372 | D:3      | Noticed Jessica
  1379 | D:3      | Killed Jessica
  1379 | D:3      | Reached XP level 4. HP: 25/25 MP: 2/9
  1931 | D:3      | Learned a level 2 spell: Repel Missiles
  1936 | D:3      | Learned a level 3 spell: Static Discharge
  2629 | D:3      | Reached skill level 5 in Air Magic
  3176 | D:2      | You fall through a shaft!
  3196 | D:4      | Reached skill level 1 in Maces & Flails
  3196 | D:4      | Gained mutation: You can fly. [Tengu growth]
  3196 | D:4      | Reached XP level 5. HP: 30/30 MP: 10/10
  3465 | D:4      | Noticed Menkaure
  3608 | D:4      | Found a staircase to the Ecumenical Temple.
  3608 | D:4      | Noticed Natasha
  3612 | Temple   | Entered the Ecumenical Temple
  3617 | Temple   | Killed Natasha
  3617 | Temple   | Reached skill level 2 in Maces & Flails
  3760 | Temple   | Noticed Natasha
  3769 | Temple   | Killed Natasha
  3785 | Temple   | Noticed Natasha
  3790 | Temple   | Killed Natasha
  3790 | Temple   | Reached skill level 3 in Maces & Flails
  4094 | Temple   | Became a worshipper of Lugonu the Unformed
  4094 | Temple   | Reached * piety under Lugonu
  4464 | D:4      | Reached XP level 6. HP: 35/35 MP: 7/11
  4502 | D:4      | Found a white marble altar of Elyvilon.
  4519 | D:4      | Reached skill level 4 in Maces & Flails
  4715 | D:4      | Noticed a phantom
  4732 | D:3      | Reached skill level 5 in Maces & Flails
  5380 | D:2      | Found a hazy altar of Hepliaklqana.
  5569 | D:3      | Killed a phantom
  5569 | D:3      | Reached skill level 6 in Maces & Flails
  5569 | D:3      | Reached XP level 7. HP: 30/39 MP: 2/12
  5861 | D:4      | Found a shattered altar of Ashenzari.
  6110 | D:5      | Entered Level 5 of the Dungeon
  6124 | D:5      | Found a stormy altar of Qazlal.
  6187 | D:5      | Found a sand-covered staircase.
  6197 | Ossuary  | Entered an ossuary
  6235 | Ossuary  | Reached skill level 2 in Fighting
  6239 | Ossuary  | Reached ** piety under Lugonu
  6512 | Ossuary  | Reached skill level 1 in Armour
  6512 | Ossuary  | Reached skill level 3 in Dodging
  7351 | Ossuary  | Reached skill level 7 in Maces & Flails
  7659 | Ossuary  | Reached XP level 8. HP: 43/45 MP: 13/13
  7870 | D:5      | Reached skill level 3 in Fighting
  8113 | D:5      | Noticed Philosophy's ghost (novice HOFi)
  8844 | D:5      | Reached skill level 1 in Invocations
  9403 | D:5      | Reached skill level 4 in Dodging
  9517 | D:6      | Reached skill level 2 in Armour
  9709 | D:6      | HP: 1/46 [orc priest/divine providence (15)]
 10043 | D:6      | HP: 4/46 [centaur/uncursed spear of venom (2)]
 10045 | D:6      | Succumbed to a centaur's poison

Skill      XL: |  1  2  3  4  5  6  7  8 |
---------------+-------------------------+-----
Fighting       | 1 2 3 |  3.5
Conjurations   | 2 |  2.6
Air Magic      | 5 |  5.0
Maces & Flails | 1 3 6 7 |  7.4
Armour         | 1 2 |  2.3
Dodging        | 3 4 |  4.1
Invocations    | 1 |  1.7
Stealth        | |  2.0
Spellcasting   | |  2.7

Action                   |  1- 3 |  4- 6 |  7- 9 || total
-------------------------+-------+-------+-------++-------
Melee: Unarmed           |     4 |     8 |       ||    12
       Peck              |     1 |    12 |    58 ||    71
       Flail             |       |   104 |   342 ||   446
       Kick              |       |    25 |    79 ||   104
 Cast: Shock             |    55 |   129 |    35 ||   219
       Repel Missiles    |       |     1 |       ||     1
 Abil: Fly               |       |     3 |     5 ||     8
Evoke: Wand              |       |       |     4 ||     4
  Use: Scroll            |       |     1 |     6 ||     7
       Potion            |       |     1 |     4 ||     5
 Stab: Distracted        |       |     1 |     1 ||     2
       Sleeping          |       |       |     4 ||     4
  Eat: Chunk             |     2 |    14 |     9 ||    25
       Royal jelly       |       |       |     1 ||     1
       Pizza             |       |       |     1 ||     1
       Meat ration       |       |       |     1 ||     1
Armor: Ring mail         |       |    65 |   149 ||   214
       Robe              |       |     1 |       ||     1
Dodge: Dodged            |     6 |    96 |   223 ||   325
       Deflected         |       |     3 |     2 ||     5
